 Dungeon Crawl Stone Soup version 0.19.1-1-g22dce08 (webtiles) character file.

1617 ponk the Unseen (level 8, -3/50 HPs)
             Began as an Octopode Assassin on Jan 20, 2017.
             Was an Initiate of Dithmenos.
             Slain by an ice beast (11 damage)
             ... on level 6 of the Dungeon.
             The game lasted 00:20:36 (6808 turns).

ponk the Unseen (Octopode Assassin)                 Turns: 6808, Time: 00:20:37

Health: -3/50      AC:  1    Str: 10    XL:     8   Next: 96%
Magic:  8/8        EV: 15    Int: 13    God:    Dithmenos [......]
Gold:   189        SH:  0    Dex: 16    Spells: 1 memorised, 4 levels left

rFire  . . .     SeeInvis .     i - +2 short sword (venom)
rCold  . . .     Gourm    .     (no shield)
rNeg   . . .     Faith    .     (helmet restricted)
rPois  .         Spirit   .     v - amulet of regeneration
rElec  .         Reflect  .     z - ring of wizardry
rCorr  .         Harm     .     A - +2 ring of evasion
MR     .....                    (no ring)
Stlth  +++++++...               (no ring)
                                (no ring)
                                (no ring)
                                (no ring)
                                (no ring)

@: no status effects
A: almost no armour, stealthy swim, amphibious, 8 rings, constrict 8, camouflage
1, gelatinous body 1
a: Renounce Religion


You were on level 6 of the Dungeon.
You worshipped Dithmenos.
Dithmenos was noncommittal.
You were not hungry.

You visited 2 branches of the dungeon, and saw 7 of its levels.

You collected 388 gold pieces.
You spent 199 gold pieces at shops.

Inventory:

Hand Weapons
 a - a +2 dagger
 b - a +0 blowgun
 h - a +0 hunting sling of flaming
 i - a +2 short sword of venom (weapon)
 r - a +2 dagger of holy wrath
Missiles
 c - 28 poisoned needles
 d - 2 curare-tipped needles
 l - a throwing net (quivered)
 m - 4 needles of sleeping
 t - 4 tomahawks
Armour
 F - a +2 buckler of fire resistance
Jewellery
 v - an amulet of regeneration (around mantle)
 w - an uncursed amulet of faith
 z - a ring of wizardry (left tentacle)
 A - a +2 ring of evasion (right tentacle)
Wands
 n - a wand of enslavement (17/24)
 o - a wand of enslavement (10/24)
Scrolls
 s - 3 scrolls of remove curse
 B - 3 scrolls of enchant armour
 C - 2 scrolls of recharging
 E - 2 scrolls of teleportation {unknown}
 G - a scroll of random uselessness {unknown}
 H - a scroll of enchant weapon {unknown}
 I - a scroll of fear {unknown}
 K - a scroll of blinking
Potions
 e - a potion of heal wounds
 j - 2 potions of might
 k - 5 potions of curing
 p - a potion of flight
 D - a potion of brilliance
Books
 q - a book of Misfortune

   Spells                             Type                      Level
   a - Confusing Touch                Hexes                        1
   b - Confuse                        Hexes                        3
   c - Gell's Gravitas                Hexes/Translocation          3
   d - Petrify                        Transmutation/Earth          4
   e - Metabolic Englaciation         Hexes/Ice                    5
   f - Yara's Violent Unravelling     Hexes/Transmutation          5
Comestibles
 f - 6 bread rations
 g - 3 meat rations
 u - 2 fruits
 x - a royal jelly


   Skills:
 - Level 2.0 Fighting
 - Level 2.0 Short Blades
 - Level 2.0 Throwing
 - Level 1.0 Dodging
 + Level 15.4 Stealth


You had 4 spell levels left.
You knew the following spells:

 Your Spells              Type           Power        Failure   Level  Hunger
a - Confuse               Hex            #.......     52%         3    ####...


Dungeon Overview and Level Annotations

Branches:
Dungeon (6/15)             Temple (1/1) D:6

Altars:
Ashenzari
Cheibriados
Dithmenos
Elyvilon
Fedhas
Gozag
Hepliaklqana
Kikubaaqudgha
Makhleb
Nemelex Xobeh
Okawaru
Qazlal
Ru
Trog
Uskayaw
Vehumet
Xom
Yredelemnul
The Shining One

Shops:
D:4 !   D:5 =

Annotations:
D:6 dngmouse's ghost, novice MiBe


Innate Abilities, Weirdness & Mutations

You cannot wear most types of armour.
You are very stealthy in the water. (Stealth+)
You are amphibious.
You can wear up to eight rings at the same time.
You can use your tentacles to constrict eight enemies at once.
Your skin changes colour to match your surroundings (Stealth+).
Your rubbery body absorbs attacks. (AC +1, EV +1)


Message History

The ice beast closely misses you.
You hit the ice beast. You squeeze the ice beast.
The ice beast is severely wounded.
The ice beast barely misses you.
You hit the ice beast.
The ice beast looks even sicker.
The ice beast is severely wounded.
The ice beast barely misses you.
You hit the ice beast but do no damage.
The ice beast is severely wounded.
The ice beast hits you. The ice beast freezes you!
* * * LOW HITPOINT WARNING * * *
You hit the ice beast.
The ice beast is severely wounded.
The ice beast barely misses you.
You completely miss the ice beast.
The ice beast is severely wounded.
The ice beast hits you.
* * * LOW HITPOINT WARNING * * *
The ice beast freezes you!
You die...

.....#......# ....#
####.#......##.....## ...#
####.#......#8.....8 ...#
............##.....# ...
###.........# 8...8#
..#### ###.........# ##_##
#.##.. .......##...# #####
#.##.#
........#.#.###..#########
#.##.#
........#......Y@........#
#.##.#
#######...#####.########.#
#W##.# ##..# ###.# #.#
#.##.# #..# #...# #.#
#.##.# #######'###...# #.#
#.##.# #.............# #.#
#.##.# ###.............#
#.###.##.#
..'.............#
#.....##.#
.##.............#
########.#


You could see an ice beast.

Vanquished Creatures
  Grinder (D:5)
  2 ogres (D:5)
  2 centaurs
  2 big kobolds (D:5)
  4 bullfrogs (D:6)
  3 scorpions (D:6)
  A howler monkey (D:5)
  4 crimson imps
  A bullfrog zombie (D:5)
  A hound (D:6)
  A jelly (D:6)
  A bullfrog skeleton (D:4)
  Jessica (D:3)
  Terence (D:3)
  A hound skeleton (D:4)
  Robin (D:3)
  8 adders
  5 worms
  4 dart slugs
  2 leopard geckos
  7 orcs
  A ball python (D:5)
  9 giant cockroaches
  11 hobgoblins
  4 jackals
  2 quokkas
  5 bats
  3 frilled lizards
  13 goblins
  15 kobolds
  A quokka zombie (D:6)
  5 rats
122 creatures vanquished.

Vanquished Creatures (others)
  2 adders (D:4)
2 creatures vanquished.

Grand Total: 124 creatures vanquished

Notes
Turn   | Place    | Note
-------+----------+-------------------------------------------
     0 | D:1      | ponk the Octopode Assassin began the quest for the Orb.
     0 | D:1      | Reached XP level 1. HP: 14/14 MP: 1/1
   111 | D:1      | Reached XP level 2. HP: 7/19 MP: 2/2
   337 | D:1      | Reached skill level 6 in Stealth
   840 | D:2      | Reached XP level 3. HP: 5/24 MP: 3/3
  1209 | D:2      | Reached skill level 7 in Stealth
  1597 | D:2      | Reached XP level 4. HP: 27/29 MP: 4/4
  1622 | D:2      | Learned a level 3 spell: Confuse
  1662 | D:2      | Found an ancient bone altar of Kikubaaqudgha.
  1663 | D:2      | Found an iron altar of Okawaru.
  1804 | D:3      | Noticed Terence
  2083 | D:2      | Reached skill level 8 in Stealth
  2431 | D:3      | Noticed Robin
  2467 | D:3      | Found a snail-covered altar of Cheibriados.
  2610 | D:3      | Noticed Jessica
  2660 | D:3      | Killed Robin
  2660 | D:3      | Reached XP level 5. HP: 11/34 MP: 5/5
  3286 | D:3      | Killed Jessica
  3286 | D:3      | Reached skill level 9 in Stealth
  3355 | D:3      | Killed Terence
  3598 | D:4      | Found a white marble altar of Elyvilon.
  3598 | D:4      | Found a faded altar of an unknown god.
  3603 | D:4      | Found a faded altar of an unknown god.
  3605 | D:4      | Found a faded altar of an unknown god.
  3607 | D:4      | Found a faded altar of an unknown god.
  3767 | D:4      | Reached XP level 6. HP: 27/39 MP: 6/6
  3865 | D:4      | Found Jastrerish's Distillery.
  3881 | D:4      | Bought a potion of curing for 33 gold pieces
  3881 | D:4      | Bought a potion of curing for 33 gold pieces
  3881 | D:4      | Bought a potion of curing for 33 gold pieces
  4172 | D:4      | Reached skill level 10 in Stealth
  4411 | D:5      | Entered Level 5 of the Dungeon
  4488 | D:5      | Reached skill level 11 in Stealth
  4529 | D:5      | Reached XP level 7. HP: 42/45 MP: 7/7
  4619 | D:5      | Found Aggoh's Jewellery Emporium.
  4651 | D:5      | Bought a +2 ring of evasion for 100 gold pieces
  4742 | D:5      | Noticed Grinder
  4746 | D:5      | Paralysed by Grinder for 3 turns
  4766 | D:5      | Paralysed by Grinder for 6 turns
  4773 | D:5      | Killed Grinder
  4773 | D:5      | Reached skill level 12 in Stealth
  5079 | D:5      | Reached XP level 8. HP: 50/50 MP: 8/8
  5087 | D:5      | Reached skill level 13 in Stealth
  5500 | D:6      | Reached skill level 14 in Stealth
  5514 | D:6      | Found a blossoming altar of Fedhas.
  5580 | D:6      | Found a sacrificial altar of Ru.
  5788 | D:6      | Found a staircase to the Ecumenical Temple.
  5804 | Temple   | Entered the Ecumenical Temple
  5870 | Temple   | Became a worshipper of Dithmenos the Shadowed
  6547 | D:6      | Reached skill level 15 in Stealth
  6773 | D:6      | Noticed dngmouse's ghost (novice MiBe)
  6808 | D:6      | Slain by an ice beast

Skill      XL: |  1  2  3  4  5  6  7  8 |
---------------+-------------------------+-----
Stealth        | 6 7 8 9 11 12 15 | 15.4
Fighting       | |  2.0
Short Blades   | |  2.0
Throwing       | |  2.0
Dodging        | |  1.0

Action                   |  1- 3 |  4- 6 |  7- 9 || total
-------------------------+-------+-------+-------++-------
Melee: Dagger            |    12 |       |       ||    12
       Short sword       |    45 |   136 |   137 ||   318
       Constrict         |    12 |    37 |    24 ||    73
       Tentacles         |     5 |    24 |    22 ||    51
  Use: Scroll            |     3 |     7 |     4 ||    14
       Potion            |       |     1 |     2 ||     3
 Stab: Sleeping          |     9 |    11 |     2 ||    22
       Invisible         |       |     6 |       ||     6
       Distracted        |       |     2 |     3 ||     5
  Eat: Bread ration      |     1 |       |       ||     1
       Chunk             |       |     7 |     8 ||    15
Armor: Skin              |     2 |     8 |     5 ||    15
Dodge: Dodged            |    23 |    71 |    72 ||   166
